 Dungeon Crawl Stone Soup version 0.30-a0-1082-g70414cbcbb (webtiles) character file.

Game seed: 1593865000244671696

97211 promet the Warrior (level 15, 0/126 HPs)
             Began as a Minotaur Fighter on Apr 13, 2023.
             Was the Champion of Hepliaklqana.
             Succumbed to a fenstrider witch's toxic sludge
             ... while paralysed by a fenstrider witch
             ... on level 2 of the Swamp on Apr 15, 2023.
             The game lasted 02:58:43 (37188 turns).

promet the Warrior (Minotaur Fighter)              Turns: 37188, Time: 02:58:43

Health: 0/126      AC: 16    Str: 29    XL:     15   Next: 71%
Magic:  18/18      EV:  2    Int:  7    God:    Hepliaklqana [******]
Gold:   1124       SH:  0    Dex: 18    Spells: 12/14 levels left

rFire   . . .      SeeInvis .    a - +10 trident "Ruenaodd" {flame, Dex+3}
rCold   . . .      Faith    .    j - +0 kite shield {rN+}
rNeg    + . .      Spirit   .    E - +4 ring mail
rPois   .          Reflect  .    (helmet restricted)
rElec   .          Rampage  .    O - +0 cloak
rCorr   .                        N - +2 pair of gloves
Will    +....                    (no boots)
Stlth   +++                      X - amulet of the acrobat
HPRegen 0.41/turn                z - +6 ring of strength
MPRegen 0.16/turn                D - ring of Gozag's Delight {Fly Dex+2}

@: paralysed, lethally poisoned (0 -> -7), flying, studying 2 skills
A: reduced essence, horns 2, retaliatory headbutt
a: Renounce Religion, Recall Ancestor, Ancestor Identity, Transference, Idealise


You were on level 2 of the Swamp.
You worshipped Hepliaklqana.
Hepliaklqana was exalted by your worship.
You visited 4 branches of the dungeon, and saw 24 of its levels.

You collected 1680 gold pieces.
You spent 556 gold pieces at shops.

Inventory:

Hand Weapons
 a - the +10 trident "Ruenaodd" (weapon) {flame, Dex+3}
   (You found it on level 5 of the Dungeon)

   Dex:       It affects your dexterity (+3).
 b - a +0 sling
 c - the +8 trident of the Octopus King {venom, rElec rPois}
   (You found it on level 6 of the Dungeon)

   rElec:     It insulates you from electricity.
   rPois:     It protects you from poison.
 d - the +8 falchion of Drought {flame, rElec rF+ Str+5 Stlth-}
   (You found it on level 13 of the Dungeon)

   Str:       It affects your strength (+5).
   rF:        It protects you from fire.
   rElec:     It insulates you from electricity.
   Stlth:     It makes you less stealthy.
 e - the +8 whip "Snakebite" {venom, curare, rPois}
   (You found it on level 2 of the Lair of Beasts)

   rPois:     It protects you from poison.
 f - a +4 broad axe of flaming
 i - the +7 great mace "Firestarter" {flame, immolate, rFlCloud rF++}
   (You took it off an efreet on level 10 of the Dungeon)

   rFlCloud:  It grants immunity to clouds of flame.
   rF:        It greatly protects you from fire.
 s - a +1 rapier of electrocution
Missiles
 g - 38 poisoned darts
 l - 3 curare-tipped darts
 A - 138 stones (quivered)
 B - 4 javelins
Armour
 j - a +0 kite shield of positive energy (worn)
 q - +0 steam dragon scales
 E - a +4 ring mail (worn)
 N - a +2 pair of gloves (worn)
 O - a +0 cloak (worn)
Jewellery
 z - a +6 ring of strength (left hand)
 D - the ring of Gozag's Delight (right hand) {Fly Dex+2}
   (You found it on level 14 of the Dungeon)

   [ring of flight]

   Dex:       It affects your dexterity (+2).
   Fly:       It grants you flight.
 H - a +6 ring of intelligence
 T - a ring of resist corrosion
 X - an amulet of the acrobat (around neck)
Wands
 m - a wand of paralysis (15)
 r - a wand of mindburst (15)
 y - a wand of digging (23)
 F - a wand of flame (13)
 M - a wand of polymorph (12)
 W - a wand of roots (5)
Scrolls
 k - 7 scrolls of fear
 p - 10 scrolls of teleportation
 G - a scroll of blinking
 J - 3 scrolls of amnesia
 S - 6 scrolls of identify
 U - 5 scrolls of magic mapping
 Y - a scroll of noise
Potions
 h - 4 potions of heal wounds
 n - a potion of magic
 o - 2 potions of lignification
 t - 4 potions of cancellation
 u - 2 potions of attraction
 v - a potion of resistance
 x - 2 potions of haste
 C - 3 potions of curing
 K - 6 potions of might
 P - 2 potions of berserk rage
 Q - a potion of ambrosia
Miscellaneous
 I - a box of beasts (inert)
 R - a piece from Xom's chessboard (15/15)
 V - a phial of floods
 Z - a phantom mirror


   Skills:
 * Level 15.1 Fighting
 + Level 2.0 Long Blades
 + Level 9.2(12.9) Axes
 + Level 0.9(5.8) Maces & Flails
 + Level 14.2(15.2) Polearms
 + Level 0.3 Ranged Weapons
 + Level 10.1 Throwing
 + Level 11.0 Armour
 * Level 10.0 Dodging
 + Level 6.0 Stealth
 + Level 9.6 Shields
 + Level 0.1 Spellcasting
 + Level 0.5 Air Magic
 + Level 4.7 Poison Magic
 + Level 6.3 Invocations
 + Level 6.2 Evocations


You had 12 spell levels left.
You knew the following spells:

 Your Spells              Type           Power      Damage    Failure   Level
a - Poisonous Vapours     Pois/Air       6%         N/A       58%         2

Your spell library contained the following spells:

 Spells                   Type           Power      Damage    Failure   Level
 Sting                    Tmut/Pois      12%        1d3       50%         1
 Foxfire                  Conj/Fire      0%         2x1d4     82%         1
 Spider Form              Tmut/Pois      3%         N/A       86%         3
 Ensorcelled Hibernation  Hex/Ice        0%         N/A       91%         2
 Sublimation of Blood     Necr           0%         N/A       91%         2
 Mephitic Cloud           Conj/Pois/Air  2%         N/A       91%         3
 Olgreb's Toxic Radiance  Pois           6%         N/A       91%         4
 Ignite Poison            Fire/Tmut/Pois 2%         N/A       92%         3
 Frozen Ramparts          Ice            0%         1d1       99%         3
 Ozocubu's Armour         Ice            0%         N/A       99%         3
 Stone Arrow              Conj/Erth      0%         3d7       99%         3
 Anguish                  Hex/Necr       0%         N/A       100%        4
 Animate Armour           Summ/Erth      0%         N/A       100%        4
 Animate Dead             Necr           0%         N/A       100%        4
 Ice Form                 Ice/Tmut       0%         N/A       100%        4
 Petrify                  Tmut/Erth      0%         N/A       100%        4
 Sticky Flame             Conj/Fire      0%         2d3       100%        4
 Summon Ice Beast         Ice/Summ       0%         N/A       100%        4
 Summon Lightning Spire   Summ/Air       0%         N/A       100%        4
 Borgnjor's Vile Clutch   Necr/Erth      0%         N/A       100%        5
 Fireball                 Conj/Fire      0%         3d3       100%        5
 Freezing Cloud           Conj/Ice/Air   0%         6-21      100%        5
 Irradiate                Conj/Tmut      0%         3d11      100%        5
 Metabolic Englaciation   Hex/Ice        0%         N/A       100%        5
 Death Channel            Necr           0%         N/A       100%        6
 Plasma Beam              Fire/Air       0%         2x1d11    100%        6
 Simulacrum               Ice/Necr       0%         N/A       100%        6
 Starburst                Conj/Fire      0%         6d3       100%        6
 Storm Form               Tmut/Air       0%         N/A       100%        7
 Ignition                 Fire           0%         3d3       100%        8
 Lehudib's Crystal Spear  Conj/Erth      0%         10d2      100%        8
 Maxwell's Capacitive Co  Air            0%         ∞         100%        8


Dungeon Overview and Level Annotations

Branches:
Dungeon (15/15)            Temple (0/1) D:4            Lair (5/5) D:11
  Swamp (2/4) Lair:3       Spider (0/4) Lair:2        Slime (0/5) Lair:5
    Orc (2/2) D:10            Elf (0/3) Orc:2        Vaults (0/5) D:14
 Depths (0/4) D:15

Altars:
Ashenzari
Dithmenos
Elyvilon
Fedhas
Gozag
Hepliaklqana
Makhleb
Nemelex Xobeh
Qazlal
Ru
Sif Muna
Trog
Vehumet
Wu Jian
Xom
Zin
The Shining One
Jiyva

Shops:
D:2 ?   Orc:2 ![*=

Portals:
Trove: D:15 (give +3 ice dragon scales)

Annotations:
D:3 2 runed translucent doors
D:6 1 runed translucent door, BlasphemerAmon's ghost, novice GrFi
D:7 2 transporters, 3 runed translucent doors, NeonRainbow's ghost, novice OpBr


Innate Abilities, Weirdness & Mutations

Your life essence is reduced to manifest your ancestor. (-10% HP)
You have a pair of horns on your head.
You reflexively headbutt those who attack you in melee.


Message History

You feel very sick.
The roots release their grip on the fenstrider witch.
The fenstrider witch points at you and mumbles some strange words.
You struggle to resist.
You can move again.
You swap places.
You feel very sick.
The fenstrider witch hits druscilla but does no damage.
The fenstrider witch kicks druscilla!
You feel very sick.
The fenstrider witch closely misses druscilla.
The fenstrider witch kicks druscilla!!
Druscilla misses the fenstrider witch.
The fenstrider witch hits druscilla.
The fenstrider witch misses druscilla.
You feel very sick.
The fenstrider witch hits druscilla.
The fenstrider witch kicks druscilla!
Druscilla is destroyed!
You feel very sick.
You feel sick.
The fenstrider witch points at you and mumbles some strange words.
You suddenly lose the ability to move!
You feel sick. x3
The fenstrider witch casts a spell at you.
The toxic sludge hits you.
You are more poisoned.
You can move again.
You feel very sick.
The fenstrider witch attacks as you move away!
The fenstrider witch hits you! The fenstrider witch kicks you!
* * * LOW HITPOINT WARNING * * *
You feel very sick.
The spriggan rider hits you but does no damage.
The fenstrider witch attacks as you move away!
The fenstrider witch hits you!
* * * LOW HITPOINT WARNING * * *
The fenstrider witch misses you.
* * * LOW HITPOINT WARNING * * *
You feel very sick.
The fenstrider witch gestures at you while chanting.
You suddenly lose the ability to move!
You die...

♣♣~.. ♣.~§~~~~~~.~
♣♣..~♣♣♣.~~~~~~~~.~
♣~..~~......~~~..~♣
♣♣~..~~~.~♣.~~..♣♣♣♣♣♣
♣.~.~~~~§......~♣.~♣~.
#♣♣♣♣♣♣..~~~~~~.~~...~..♣♣.~
##∩
#~~~~~.~.i~~.♣~.~~~.....♣~~~
≈.♣≈~#####H~.H.♣♣♣~~~~♣..~~.§♣♣
~§.~ #.♣♣♣@♣♣♣♣...~♣....~♣
♣~.~. #♣♣♣♣♣...>♣♣...~...~♣♣
~.~H♣ ♣.~~~..~♣♣........~ ∩##~♣
##### ♣.§~~^..~~§~~.<...~ #H♣
♣.~~♣♣ ♣♣..~~..§~~~~..§...
#H♣♣♣...~♣♣♣♣♣...~.~~~~...~~~.
#~♣.♣.~♣......~~~~..~§...)♣♣♣.
#.♣......~~.~~.~~~.........~.~
♣..~..~<...~~§~~.§.♣~..~~~~.♣♣


You could see 2 fenstrider witches and a spriggan rider.

Vanquished Creatures
  Kirke (D:15)
  An eleionoma (Swamp:1)
  A bunyip (Swamp:1)
  An ettin (Orc:2)
  A vault guard (D:14)
  3 hydras
  2 ogre magi (Orc:2)
  A ghost crab (Swamp:2)
  A death knight (D:14)
  2 centaur warriors
  A death yak (Lair:5)
  9 two-headed ogres
  An orc high priest (Orc:2)
  2 tengu warriors (D:15)
  A spark wasp zombie (D:15)
  A skeletal warrior (D:15)
  2 goliath frogs (Swamp:1)
  A skyshark (Lair:5)
  A wizard (D:14)
  A deep elf pyromancer (D:13)
  A fire giant zombie (D:15)
  A manticore (D:15)
  3 orc sorcerers (Orc:2)
  13 ugly things
  8 cyclopes
  7 black mambas
  A smoke demon (D:10)
  7 cane toads
  A gargoyle (D:13)
  A freezing wraith (D:14)
  Maggie (Lair:2)
  A yaktaur (D:14)
  An efreet (D:15)
  A rime drake (Lair:1)
  5 komodo dragons
  A tengu conjurer (D:15)
  2 meliai (D:14)
  A guardian mummy (D:15)
  2 trolls
  4 polar bears
  A troll (shapeshifter) (D:15)
  9 hornets
  A tyrant leech (Swamp:1)
  7 dream sheep (Lair:5)
  2 blink frogs (Lair:4)
  2 shadows
  8 slime creatures
  13 spriggans
  A wraith (D:14)
  5 water elementals (D:13)
  2 wyverns
  5 yaks
  Grum (D:9)
  2 centaur simulacra (D:15)
  17 humans (D:14)
  A fire bat (D:10)
  A steam dragon (D:10)
  Menkaure (D:7)
  8 vampire mosquitoes
  4 swamp worms (Swamp:1)
  2 acid dragons
  A swamp drake (Swamp:1)
  11 water moccasins
  2 sky beasts
  5 orc warriors
  An ice beast (D:5)
  6 black bears
  15 ogres
  2 boggarts (Lair:5)
  14 wolves
  6 centaurs
  6 bullfrogs
  A gnoll sergeant (D:8)
  8 killer bees
  4 electric eels (D:13)
  3 howler monkeys
  10 orc priests
  12 jellies
  Natasha (thrice) (D:2)
  A gnoll bouda (D:9)
  2 iguanas
  4 orc wizards
  4 adders
  9 gnolls
  2 white imps
  A worm (D:2)
  35 orcs
  6 bats
  3 endoplasms
  4 giant cockroaches
  5 goblins
  3 hobgoblins
  7 jackals
  A quokka (D:2)
  3 ball pythons
  2 frilled lizards (D:1)
  6 kobolds
  3 rats (D:1)
400 creatures vanquished.

Vanquished Creatures (collateral kills)
  3 hydras
  2 ogre magi (Orc:2)
  A centaur warrior (D:13)
  3 death yaks (Lair:5)
  7 two-headed ogres
  A boulder beetle (D:13)
  A tengu warrior (D:15)
  A vampire mage (D:15)
  Nergalle (D:11)
  A spriggan druid (Swamp:1)
  A goliath frog (Swamp:2)
  An orc knight (Orc:2)
  A deep elf pyromancer (D:13)
  A necromancer (D:15)
  An orc sorcerer (Orc:2)
  5 ugly things
  A manticore (D:14)
  A cyclops (D:12)
  Joseph (D:8)
  2 black mambas
  A torpor snail (Lair:4)
  3 cane toads
  A komodo dragon (Lair:3)
  2 efreet
  A freezing wraith (D:14)
  A yaktaur (shapeshifter) (D:15)
  A meliai (D:14)
  A tyrant leech (Swamp:1)
  5 hornets
  A blink frog (Lair:4)
  An ettin zombie (D:15)
  A spriggan zombie (D:15)
  8 dream sheep (Lair:5)
  2 slime creatures (D:12)
  A vampire (D:11)
  A wraith (D:12)
  8 spriggans
  2 hogs (D:15)
  4 humans (D:14)
  A fire elemental (D:10)
  11 yaks
  A wyvern (Lair:5)
  2 basilisks
  A fire bat (D:10)
  A redback (Lair:2)
  7 vampire mosquitoes
  4 water moccasins
  5 swamp worms
  6 orc warriors
  3 black bears (Lair:5)
  13 ogres
  2 boggarts (Lair:5)
  6 wolves
  A centaur (D:15)
  2 kobold brigands
  3 bullfrogs
  8 killer bees
  An electric eel (D:13)
  3 jellies (Lair:5)
  4 orc priests
  2 hounds (D:5)
  2 iguanas
  9 orc wizards
  5 adders
  3 gnolls
  2 ufetubi
  33 orcs
  An endoplasm (Lair:5)
  9 kobolds
  A quokka (D:3)
233 creatures vanquished.

Vanquished Creatures (others)
  27 battlemagi
  2 ancestors (D:3)
  37 fungi
  51 plants
  12 withered plants (D:15)
129 creatures vanquished.

Grand Total: 762 creatures vanquished

Notes
Turn   | Place    | Note
-------+----------+-------------------------------------------
     0 | D:1      | promet the Minotaur Fighter began the quest for the Orb.
     0 | D:1      | Reached XP level 1. HP: 19/19 MP: 0/0
    73 | D:1      | Reached XP level 2. HP: 27/27 MP: 1/1
   144 | D:1      | Reached skill level 4 in Fighting
   628 | D:1      | Found a faded altar of an unknown god.
  1112 | D:2      | Found a hazy altar of Hepliaklqana.
  1125 | D:2      | Became a worshipper of Hepliaklqana the Forgotten
  1264 | D:2      | Reached XP level 3. HP: 33/33 MP: 2/2
  1269 | D:2      | Found Rorolom's Magic Scroll Shop.
  1279 | D:2      | Bought a scroll of fear for 44 gold pieces
  1659 | D:2      | Noticed Natasha
  1663 | D:2      | Killed Natasha
  1664 | D:2      | Reached XP level 4. HP: 36/41 MP: 3/3
  1883 | D:2      | Noticed Natasha
  1885 | D:2      | Killed Natasha
  1943 | D:2      | Noticed Natasha
  1949 | D:2      | Killed Natasha
  2258 | D:3      | Found a glowing golden altar of the Shining One.
  2313 | D:3      | Reached * piety under Hepliaklqana
  2335 | D:3      | Reached skill level 5 in Fighting
  2335 | D:3      | Reached XP level 5. HP: 29/43 MP: 4/4
  2402 | D:3      | Found a sparkling altar of Nemelex Xobeh.
  2407 | D:3      | Found a sacrificial altar of Ru.
  2414 | D:3      | Found a broken altar of Ashenzari.
  2420 | D:3      | Found a glowing silver altar of Zin.
  2592 | D:3      | Found a white marble altar of Elyvilon.
  2600 | D:3      | Found an opulent altar of Gozag.
  2605 | D:3      | Found a shimmering blue altar of Sif Muna.
  2673 | D:3      | Found a large runed translucent door.
  2674 | D:3      | Found a large runed translucent door.
  3428 | D:4      | Found a staircase to the Ecumenical Temple.
  3799 | D:4      | Reached skill level 1 in Dodging
  4070 | D:4      | Reached ** piety under Hepliaklqana
  4071 | D:4      | Remembered your ancestor druscilla as a battlemage
  4230 | D:4      | Reached XP level 6. HP: 41/50 MP: 5/5
  4525 | D:5      | Entered Level 5 of the Dungeon
  4530 | D:5      | Reached skill level 5 in Axes
  4720 | D:5      | Reached skill level 5 in Armour
  4739 | D:5      | Found a hazy altar of Hepliaklqana.
  4742 | D:5      | Found a shadowy altar of Dithmenos.
  4742 | D:5      | Noticed a shadow
  5115 | D:5      | Reached XP level 7. HP: 55/55 MP: 6/6
  5493 | D:5      | Found an ornate altar of the Wu Jian Council.
  5867 | D:5      | Identified the +10 trident "Ruenaodd" {flame, Dex+3}
  5895 | D:5      | Upgraded the game from 0.30-a0-1074-g5db6f66fbb to
                  | 0.30-a0-1075-gcd70e7a56d
  5966 | D:6      | Found a runed translucent door.
  5969 | D:6      | Noticed BlasphemerAmon's ghost (novice GrFi)
  6049 | D:6      | Reached skill level 1 in Throwing
  6049 | D:6      | Reached skill level 5 in Shields
  6054 | D:6      | Reached skill level 1 in Stealth
  6412 | D:6      | Reached skill level 6 in Fighting
  6440 | D:6      | Reached *** piety under Hepliaklqana
  6468 | D:6      | Reached XP level 8. HP: 63/63 MP: 7/7
  6518 | D:6      | Reached skill level 1 in Polearms
  7012 | D:6      | Found a radiant altar of Vehumet.
  7013 | D:6      | Found the +8 trident of the Octopus King {venom, rElec
                  | rPois}
  7022 | D:6      | Found a bloodstained altar of Trog.
  7270 | D:7      | Found a transporter.
  7478 | D:7      | Found a runed translucent gate.
  7478 | D:7      | Found a runed translucent gate.
  7478 | D:7      | Found a runed translucent gate.
  7552 | D:7      | Found a transporter.
  7561 | D:7      | Reached skill level 1 in Invocations
  7640 | D:7      | Noticed Menkaure
  7644 | D:7      | Killed Menkaure
  7891 | D:7      | Noticed NeonRainbow's ghost (novice OpBr)
  7979 | D:8      | Reached skill level 7 in Fighting
  7979 | D:8      | Reached XP level 9. HP: 51/71 MP: 9/9
  8159 | D:7      | Found a burning altar of Makhleb.
  8357 | D:8      | Noticed Joseph
  8365 | D:8      | Killed Joseph
  8366 | D:8      | Reached skill level 5 in Polearms
  9093 | D:9      | Noticed a two-headed ogre
  9111 | D:9      | Killed a two-headed ogre
  9112 | D:9      | Reached XP level 10. HP: 79/79 MP: 11/11
  9503 | D:9      | Noticed Grum
  9523 | D:9      | Reached skill level 8 in Fighting
  9526 | D:9      | Killed Grum
  9727 | D:9      | Reached **** piety under Hepliaklqana
 10214 | D:10     | Entered Level 10 of the Dungeon
 10353 | D:10     | Noticed a smoke demon
 10360 | D:10     | Killed a smoke demon
 10365 | D:10     | Reached skill level 1 in Evocations
 10658 | D:10     | Noticed a two-headed ogre
 10665 | D:10     | Killed a two-headed ogre
 11554 | D:10     | Found a staircase to the Orcish Mines.
 11991 | D:10     | Learned a level 2 spell: Poisonous Vapours
 12055 | D:11     | Noticed Nergalle
 12064 | D:11     | Killed Nergalle
 12065 | D:11     | Reached XP level 11. HP: 85/85 MP: 13/13
 12067 | D:11     | Reached skill level 5 in Throwing
 12306 | D:11     | Found a shimmering altar of Xom.
 12489 | D:11     | Reached skill level 9 in Fighting
 12489 | D:11     | Reached skill level 5 in Dodging
 12714 | D:11     | Reached skill level 10 in Polearms
 12731 | D:11     | Reached ***** piety under Hepliaklqana
 12823 | D:11     | Noticed a two-headed ogre
 12829 | D:11     | Killed a two-headed ogre
 13014 | D:11     | Found a staircase to the Lair.
 13338 | Lair:1   | Entered Level 1 of the Lair of Beasts
 14995 | Lair:2   | Found a hole to the Spider Nest.
 15232 | Lair:2   | Noticed Maggie
 15240 | Lair:2   | Killed Maggie
 15744 | Lair:2   | Reached XP level 12. HP: 93/95 MP: 14/14
 15785 | Lair:2   | Found the +8 whip "Snakebite" {venom, curare, rPois}
 16223 | Lair:3   | Found a staircase to the Swamp.
 16238 | Lair:3   | Reached skill level 10 in Fighting
 17145 | Swamp:1  | Entered Level 1 of the Swamp
 17145 | Swamp:1  | Noticed a bunyip
 17145 | Swamp:1  | Noticed a four-headed hydra
 17172 | Lair:4   | Reached skill level 1 in Poison Magic
 18367 | Lair:5   | Entered Level 5 of the Lair of Beasts
 18487 | Lair:5   | Noticed an eight-headed hydra
 18495 | Lair:5   | Killed a five-headed hydra
 18659 | Lair:5   | Reached skill level 11 in Fighting
 18740 | Lair:5   | Reached ****** piety under Hepliaklqana
 18743 | Lair:5   | Found a viscous altar of Jiyva.
 18743 | Lair:5   | Found a staircase to the Slime Pits.
 19088 | Lair:5   | Noticed a death yak
 19089 | Lair:5   | Noticed a death yak
 19089 | Lair:5   | Noticed a death yak
 19089 | Lair:5   | Noticed a death yak
 19094 | Lair:5   | Killed a death yak
 19103 | Lair:5   | Killed a death yak
 19106 | Lair:5   | Killed a death yak
 19112 | Lair:5   | Killed a death yak
 19683 | Lair:5   | Reached XP level 13. HP: 104/104 MP: 15/15
 19829 | Lair:5   | Reached skill level 5 in Stealth
 21746 | Lair:5   | Reached skill level 12 in Fighting
 22755 | Lair:5   | Identified the +0 pair of gloves of Focus {Int+3}
 23421 | Orc:1    | Entered Level 1 of the Orcish Mines
 24109 | Orc:2    | Entered Level 2 of the Orcish Mines
 24743 | Orc:2    | Paralysed by an orc sorcerer for 5 turns
 25239 | Orc:2    | Noticed an ettin
 25245 | Orc:2    | Reached skill level 10 in Armour
 25305 | Orc:2    | Killed an ettin
 26340 | Orc:2    | Found a staircase to the Elven Halls.
 26978 | Orc:2    | Reached skill level 5 in Invocations
 26978 | Orc:2    | Reached XP level 14. HP: 114/114 MP: 16/16
 27597 | Orc:2    | Reached skill level 13 in Fighting
 28372 | Orc:2    | Found Itaeripio's Antique Armour Emporium.
 28372 | Orc:2    | Found Ruicycun's Jewellery Shop.
 28372 | Orc:2    | Found Duyvom's Distillery.
 28372 | Orc:2    | Found Bobudaat's General Store.
 28381 | Orc:2    | Bought a potion of might for 64 gold pieces
 28381 | Orc:2    | Bought a potion of heal wounds for 80 gold pieces
 28381 | Orc:2    | Bought a potion of cancellation for 128 gold pieces
 28384 | Orc:2    | Bought a pair of embroidered gloves for 240 gold pieces
 29539 | D:13     | Reached skill level 5 in Evocations
 29820 | D:13     | Identified the +8 falchion of Drought {flame, rElec rF+
                  | Str+5 Stlth-}
 30727 | D:14     | Reached skill level 1 in Long Blades
 31089 | D:14     | Found a stormy altar of Qazlal.
 32337 | D:14     | Reached XP level 15. HP: 123/123 MP: 18/18
 32357 | D:14     | Identified the ring of Gozag's Delight {Fly Dex+2}
 32370 | D:14     | Found a gate to the Vaults.
 32387 | D:14     | Reached skill level 14 in Fighting
 32595 | D:15     | Entered Level 15 of the Dungeon
 32620 | D:15     | Found a portal to a secret trove of treasure.
 33232 | D:15     | Noticed Kirke
 33237 | D:15     | Noticed a sphinx
 33242 | D:15     | Killed Kirke
 33628 | D:15     | Found a blossoming altar of Fedhas.
 33659 | D:15     | Found a staircase to the Depths.
 35012 | D:15     | Upgraded the game from 0.30-a0-1075-gcd70e7a56d to
                  | 0.30-a0-1082-g70414cbcbb
 35784 | Swamp:1  | Reached skill level 10 in Throwing
 35859 | Swamp:1  | Reached skill level 15 in Fighting
 36067 | Swamp:1  | Reached skill level 10 in Dodging
 36794 | Swamp:2  | Noticed a fenstrider witch
 36798 | Swamp:2  | Noticed a fenstrider witch
 36799 | Swamp:2  | Noticed a fenstrider witch
 37174 | Swamp:2  | Paralysed by a fenstrider witch for 3 turns
 37181 | Swamp:2  | Paralysed by a fenstrider witch for 4 turns
 37187 | Swamp:2  | HP: 4/126 [fenstrider witch (17)]
 37187 | Swamp:2  | HP: 1/126 [poisoned by a fenstrider witch (toxic sludge)]
 37187 | Swamp:2  | Paralysed by a fenstrider witch for 5 turns
 37188 | Swamp:2  | Succumbed to a fenstrider witch's toxic sludge

Illustrated notes

Levels and vault maps discovered:
D:1:      dpeg_arrival_round_b, layout_basic, basic_ecumenical_altar
D:2:      layout_rooms, serial_shops, shop, basic_altar, minivault_27,
          minivault_14, uniq_natasha
D:3:      layout_basic, grunt_temple_overflow_octagram,
          mainiacjoe_overflow_catwalk, jmf_multi_god_temple2
D:4:      layout_layer_cave, minmay_temple_entry_overgrown
D:5:      layout_basic, riverfiend_overflow_shadow_ancestor,
          nicolae_wu_jian_glorious_leap, small_statue_intersection,
          kennysheep_potato
D:6:      layout_basic, mainiacjoe_overflow_large_starburst,
          ebering_ghost_sewer_d
D:7:      gammafunk_steamed_eel, layout_basic,
          mainiacjoe_overflow_cross_hatched, ebering_ghost_rock_garden,
          serial_park_tiny_2, uniq_menkaure
D:8:      layout_loops_ring, uniq_joseph
D:9:      layout_irregular_city, uniq_grum
D:10:     minmay_firetagon, layout_cave_pods, hiddenorc1_lemuel
D:11:     layout_loops_ring, grunt_lair_entry_orc_guard_hut, xom_teletrap_fun,
          uniq_nergalle
D:12:     layout_long_grid
D:13:     layout_basic, chequers_decorated_corner
D:14:     layout_cave_pools, grunt_vaults_entry_tiered, lemuel_round_altar,
          dreamdust_deal_with_the_devil
D:15:     gammafunk_depths_entry_grave, layout_gridville, fedhas_altar_1,
          enter_trove_1, minmay_liquid_box, uniq_kirke
Lair:1:   layout_hall_layers, cheibrodos_lair_caveside_slide,
          grunt_forest_small_clearing_treed
Lair:2:   minmay_guarded_unrand_snakebite, layout_chaotic_city,
          spider_nest_entry_rubble, wad_woods_03, uniq_maggie
Lair:3:   layout_cave_pods, minmay_swamp_entry_reptiles
Lair:4:   layout_layer_cave
Lair:5:   minmay_lair_end_enchanted_forest, layout_layer_cave,
          minmay_slime_entry_jelly_boxes
Swamp:1:  layout_basic_swamp, evilmike_swamp_ruin_house_3
Swamp:2:  layout_basic_swamp, evilmike_swamp_ruin_wall, swamp_pool3,
          nzn_swamp_weyward_sisters
Orc:1:    layout_caves, serial_shops, shop, bloody_makhleb
Orc:2:    st_orc_ogre_mass, layout_caves, nicolae_orc_tapped_out

Skill      XL: |  1  2  3  4  5  6  7  8  9 10 11 12 13 14 15 |
---------------+----------------------------------------------+-----
Fighting       | 4 5 6 7 8 9 11 12 13 15 | 15.1
Armour         | 4 5 6 7 8 9 10 11 | 11.0
Shields        | 4 5 6 7 8 9 |  9.6
Axes           | 3 4 5 6 7 8 9 |  9.2
Dodging        | 1 2 3 4 6 7 8 9 10 | 10.0
Throwing       | 1 2 3 4 5 6 8 9 10 | 10.1
Stealth        | 1 2 3 4 5 6 |  6.0
Polearms       | 3 7 9 10 12 13 14 | 14.2
Invocations    | 1 3 4 5 6 |  6.3
Evocations     | 2 4 5 6 |  6.2
Poison Magic   | 2 4 |  4.7
Long Blades    | 1 2 |  2.0
Maces & Flails | |  0.9
Ranged Weapons | |  0.3
Spellcasting   | |  0.1
Air Magic      | |  0.5

Action                     |  1- 3 |  4- 6 |  7- 9 | 10-12 | 13-15 || total
---------------------------+-------+-------+-------+-------+-------++-------
  Melee: War axe           |    69 |    72 |     7 |     4 |    30 ||   182
         Headbutt          |    11 |    17 |    11 |    41 |   105 ||   185
         Trident           |       |       |    75 |   278 |   464 ||   817
         Broad axe         |       |       |       |     3 |    30 ||    33
         Whip              |       |       |       |       |     6 ||     6
         Falchion          |       |       |       |       |    14 ||    14
   Fire: Sling             |       |       |       |       |     7 ||     7
  Throw: Stone             |     2 |     4 |     4 |       |     3 ||    13
         Dart              |       |     5 |     6 |     9 |     9 ||    29
         Javelin           |       |       |     7 |       |     4 ||    11
         Boomerang         |       |       |    18 |    76 |   209 ||   303
   Cast: Poisonous Vapours |       |       |       |       |     1 ||     1
 Invoke: Ancestor Identity |       |     2 |       |       |       ||     2
         Recall Ancestor   |       |     1 |     1 |       |     3 ||     5
         Ancestor Life: Ba |       |     1 |       |       |       ||     1
         Idealise          |       |       |       |       |     3 ||     3
  Evoke: Box of beasts     |       |       |       |     1 |     3 ||     4
         Phantom mirror    |       |       |       |     1 |       ||     1
         Piece from Xom's  |       |       |       |       |     3 ||     3
         Wand              |       |       |       |       |     6 ||     6
         Phial of floods   |       |       |       |       |     1 ||     1
    Use: Scroll            |     3 |     2 |     9 |     8 |    12 ||    34
         Potion            |       |       |     1 |     3 |     4 ||     8
   Stab: Distracted        |       |       |     2 |     9 |    11 ||    22
         Sleeping          |       |       |       |     7 |     4 ||    11
 Armour: Scale mail        |    26 |    18 |    27 |       |       ||    71
         Ring mail         |       |       |       |    45 |   157 ||   202
         Steam dragon scal |       |       |       |     1 |       ||     1
  Dodge: Dodged            |    27 |    38 |    34 |    92 |   258 ||   449
  Block: Buckler           |     5 |       |       |       |       ||     5
         Kite shield       |    13 |    37 |    30 |   108 |   218 ||   406

Table legend: (Time is in decaauts)
 A = Elapsed time spent in this place.
 B = Non-inter-level travel time spent in this place.
 C = Inter-level travel time spent in this place.
 D = Time resting spent in this place.
 E = Time spent auto-exploring this place.
 F = Levels seen in this place.
 G = Mean time per level.
                   A        B        C        D        E       F      G
               +--------+--------+--------+--------+--------+-----+--------+
         Total |  37143 |  35554 |   1589 |  14446 |   7803 |  24 | 1547.6 |
       Dungeon |  20469 |  19553 |    916 |   6432 |   5249 |  15 | 1364.6 |
          Lair |  10272 |   9765 |    507 |   4192 |   2223 |   5 | 2054.4 |
         Swamp |   1960 |   1879 |     81 |    968 |    157 |   2 |  980.0 |
  Orcish Mines |   4440 |   4355 |     85 |   2853 |    174 |   2 | 2220.0 |
               +--------+--------+--------+--------+--------+-----+--------+

Top non-repeatable levels by time:
  Lair:5: 4813 daAuts
   Orc:2: 3099 daAuts
    D:10: 2421 daAuts
    D:15: 2404 daAuts
  Lair:2: 1941 daAuts
    D:14: 1718 daAuts
 Swamp:1: 1531 daAuts
    D:11: 1430 daAuts
     D:5: 1394 daAuts
    D:13: 1385 daAuts
   Orc:1: 1340 daAuts
     D:4: 1270 daAuts
     D:6: 1248 daAuts
  Lair:3: 1216 daAuts
     D:9: 1209 daAuts
